 Dungeon Crawl Stone Soup version 0.30.0-29-ga12c61a403 (webtiles) character file.

Game seed: 3200522969444002632

2358 cdecastro the Caller (level 9, -13/69 HPs)
             Began as a Merfolk Summoner on June 20, 2023.
             Was a Believer of Uskayaw.
             Mangled by Joseph
             ... wielding a +0 great sword
              (16 damage)
             ... on level 7 of the Dungeon.
             The game lasted 00:23:58 (8204 turns).

cdecastro the Caller (Merfolk Summoner)             Turns: 8204, Time: 00:23:58

Health: -13/69     AC:  5    Str: 12    XL:     9   Next: 44%
Magic:  8/12       EV: 13    Int: 16    God:    Uskayaw [**....]
Gold:   92         SH:  0    Dex: 16    Spells: 6/12 levels left

rFire   . . .        g - +2 dagger (flame)
rCold   . . .        (no shield)
rNeg    . . .        a - +0 robe
rPois   .            (no helmet)
rElec   .            (no cloak)
rCorr   .            c - +1 pair of gloves {Str+3}
SInv    .            t - +0 pair of boots
Will    .....        (no amulet)
Stlth   ++++         (no ring)
HPRegen 0.31/turn    (no ring)
MPRegen 0.13/turn

%: no passive effects
@: about to teleport
A: (nimble swimmer 2), mertail
a: Renounce Religion, Stomp, Line Pass


You were on level 7 of the Dungeon.
You worshipped Uskayaw.
Uskayaw was noncommittal.
You visited 2 branches of the dungeon, and saw 8 of its levels.

You collected 416 gold pieces.
You spent 324 gold pieces at shops.

Inventory:

Hand Weapons
 g - a +2 dagger of flaming (weapon)
 o - the +8 mace of Etaxega {flame, Str+3}
   (You found it on level 4 of the Dungeon)

   Str:       It affects your strength (+3).
Missiles
 i - 8 poisoned darts
 s - a boomerang of dispersal
 C - 3 boomerangs
Armour
 a - a +0 robe (worn)
 c - a +1 pair of gloves of strength (worn)
 l - the +6 scale mail of Voobb {Str+3 Slay+5}
   (You found it on level 2 of the Dungeon)

   Str:       It affects your strength (+3).
   Slay:      It affects your accuracy & damage with ranged weapons and melee
   (+5).
 t - a +0 pair of boots (worn)
Wands
 u - a wand of digging (8)
Scrolls
 d - a scroll of identify
 h - 2 scrolls of fear {unknown}
 j - 3 scrolls of immolation {unknown}
 m - 2 scrolls of vulnerability {unknown}
 y - a scroll of magic mapping {unknown}
 z - a scroll of amnesia
 A - a scroll of poison {unknown}
Potions
 b - a potion of magic
 e - 3 potions of curing
 f - a potion of brilliance
 k - 2 potions of attraction
 n - 2 potions of heal wounds
 q - a potion of invisibility
 r - a potion of resistance
 w - a potion of might
 x - a potion of mutation


   Skills:
 * Level 6.2 Fighting
 * Level 7.2 Short Blades
 - Level 4.0 Dodging
 * Level 7.2 Stealth
 - Level 2.0 Spellcasting
 + Level 7.6 Summonings


You had 6 spell levels left.
You knew the following spells:

 Your Spells              Type           Power      Damage    Failure   Level
a - Summon Small Mammal   Summ           100%       N/A       1%          1
b - Call Imp              Summ           52%        N/A       1%          2
c - Call Canine Familiar  Summ           26%        N/A       2%          3

Your spell library contained the following spells:

 Spells                   Type           Power      Damage    Failure   Level
 Summon Guardian Golem    Hex/Summ       13%        N/A       13%         3
 Summon Lightning Spire   Summ/Air       13%        N/A       41%         4


Dungeon Overview and Level Annotations

Branches:
Dungeon (7/15)             Temple (1/1) D:5

Altars:
Ashenzari
Cheibriados
Elyvilon
Fedhas
Gozag
Kikubaaqudgha
Makhleb
Nemelex Xobeh
Okawaru
Qazlal
Ru
Uskayaw
Vehumet
Wu Jian
Xom
Yredelemnul
Zin
The Shining One

Shops:
D:3 *   D:6 ?

Annotations:
D:5 2 transporters, Menkaure
D:7 Joseph


Innate Abilities, Weirdness & Mutations

((You are very nimble when in or above water. (Stealth+, EV+, Speed+++)))
Your lower body shifts to a powerful aquatic tail in water.


Message History

Your cerulean imp hits the phantom but does no damage.
Your hound closely misses Joseph.
The phantom hits your cerulean imp.
The phantom blinks!
Your cerulean imp blinks!
You hit Joseph. You burn Joseph.
Joseph is moderately wounded.
Your hound barely misses Joseph.
Joseph hits you with a +0 great sword!
* * * LOW HITPOINT WARNING * * *
Your cerulean imp hits the phantom with a -2 spear.
Unknown command.
You completely miss Joseph.
Joseph is moderately wounded.
Your hound barely misses Joseph.
Unknown command.
You hit Joseph. You burn Joseph.
Joseph is moderately wounded.
Joseph barely misses you.
Your cerulean imp hits the phantom but does no damage.
Your hound completely misses Joseph.
You can now pass through a line of other dancers.
Unknown command.
You hit Joseph. You burn Joseph.
Joseph is moderately wounded.
Your hound closely misses Joseph.
Joseph hits you with a +0 great sword!
* * * LOW HITPOINT WARNING * * *
Your cerulean imp hits the phantom with a -2 spear.
Unknown command.
Press: ? - help, v - describe, . - travel
Here: Joseph, wielding a +0 great sword and wearing a +0 leather armour (moderately wounded, ally target)
The floor.
Unknown command.
Unknown command.
Okay, then.
Unknown command.
Your hound closely misses Joseph.
Your cerulean imp hits the phantom but does no damage.
As you read the scroll of teleportation, it crumbles to dust.
You feel strangely unstable.
Your hound closely misses Joseph.
Your hound misses Joseph. Joseph hits you with a +0 great sword!
You die...

..#...###.###....######.##.#####
#.###.# #.# #....#####.5...~...#
......# #.# #............~.~~..#
#.###.###.# #..#.#####..#.~_~..#
#<........###....# #..#~.≈~..#
#####.#.(......### #.@#~.~~~.# #
#.#..5.....# ......###.# .
#.#.....W..#######.##### .# .
..'.......h@@......> ## .
###........#######.. #........#
#######'## #.. ..## ...# ...#
..##


You could see Joseph (ally target), a phantom (ally target), a friendly hound
(summoned) and a friendly cerulean imp (summoned).

Vanquished Creatures
  Grinder (D:3)
  A sky beast (D:7)
  An orc warrior (D:5)
  An ogre (D:6)
  A centaur (D:7)
  A phantom (D:5)
  A wight (D:5)
  5 howler monkeys
  4 hounds
  3 orc priests
  A jelly (D:6)
  Natasha (D:3)
  2 iguanas (D:5)
  3 gnolls (D:5)
  7 adders
  A shadow imp (D:6)
  2 white imps
  3 ufetubi (D:4)
  3 dart slugs
  7 orcs
  3 endoplasms
  4 giant cockroaches
  3 goblins
  9 hobgoblins
  2 jackals (D:2)
  7 kobolds
  8 quokkas
  4 ball pythons
  5 bats
  4 rats
98 creatures vanquished.

Vanquished Creatures (collateral kills)
  Edmund (D:5)
  An orc warrior (D:5)
  An ogre (D:5)
  A bullfrog (D:6)
  A scorpion (D:3)
  3 wights
  A howler monkey (D:7)
  An orc priest (D:6)
  2 hounds
  5 iguanas
  Natasha (D:3)
  2 orc wizards
  3 adders (D:3)
  A gnoll (D:5)
  A shadow imp (D:5)
  A worm (D:2)
  2 orcs (D:5)
  2 ball pythons
  2 endoplasms
  2 goblins
  3 hobgoblins
  A quokka (D:2)
  2 bats
  2 rats
42 creatures vanquished.

Grand Total: 140 creatures vanquished

Notes
Turn   | Place    | Note
-------+----------+-------------------------------------------
     0 | D:1      | cdecastro the Merfolk Summoner began the quest for the Orb.
     0 | D:1      | Reached XP level 1. HP: 13/13 MP: 3/3
   257 | D:1      | Reached XP level 2. HP: 20/20 MP: 1/5
   565 | D:1      | Reached skill level 1 in Fighting
   875 | D:1      | Learned a level 2 spell: Call Imp
  1042 | D:2      | Reached skill level 1 in Short Blades
  1042 | D:2      | Reached XP level 3. HP: 17/26 MP: 6/6
  1380 | D:2      | Reached XP level 4. HP: 32/32 MP: 7/7
  1541 | D:2      | Reached skill level 5 in Summonings
  1822 | D:2      | Identified the +6 scale mail of Voobb {Str+3 Slay+5}
  1864 | D:3      | Noticed Grinder
  1972 | D:3      | Found a hide-covered altar of Uskayaw.
  1975 | D:3      | Noticed a +0 hand axe
  1976 | D:3      | Noticed a +0 hand axe
  1980 | D:3      | Became a worshipper of Uskayaw the Reveller
  2009 | D:3      | Reached * piety under Uskayaw
  2012 | D:3      | Reached ** piety under Uskayaw
  2266 | D:3      | Learned a level 3 spell: Call Canine Familiar
  2269 | D:3      | Found a glowing silver altar of Zin.
  2276 | D:3      | Found an iron altar of Okawaru.
  2324 | D:4      | Identified the +8 mace of Etaxega {flame, Str+3}
  2485 | D:4      | Reached XP level 5. HP: 32/37 MP: 8/8
  3144 | D:4      | Reached XP level 6. HP: 3/44 MP: 5/9
  3550 | D:3      | Killed Grinder
  3551 | D:3      | Reached XP level 7. HP: 20/52 MP: 5/10
  3709 | D:3      | Found a faded altar of an unknown god.
  3718 | D:3      | Noticed Natasha
  3724 | D:3      | Killed Natasha
  3757 | D:3      | Found Yssoups's General Store.
  3794 | D:3      | Bought a potion of heal wounds for 60 gold pieces
  3794 | D:3      | Bought a scroll of teleportation for 36 gold pieces
  3794 | D:3      | Bought a potion of might for 48 gold pieces
  3794 | D:3      | Bought a potion of mutation for 96 gold pieces
  4038 | D:3      | Noticed Natasha
  4046 | D:3      | Killed Natasha
  4283 | D:4      | Reached *** piety under Uskayaw
  4590 | D:5      | Entered Level 5 of the Dungeon
  4597 | D:5      | Found a glowing golden altar of the Shining One.
  4597 | D:5      | Noticed Edmund
  4657 | D:5      | Noticed a vampire
  4657 | D:5      | Found a transporter.
  4658 | D:5      | Found an ancient bone altar of Kikubaaqudgha.
  4672 | D:5      | Found a transporter.
  5086 | D:4      | Reached XP level 8. HP: 39/60 MP: 8/11
  5184 | D:5      | Noticed Menkaure
  5186 | D:5      | Found a basalt altar of Yredelemnul.
  5548 | D:5      | Reached skill level 5 in Stealth
  5560 | D:5      | Reached skill level 5 in Short Blades
  5973 | D:5      | Found a staircase to the Ecumenical Temple.
  5985 | Temple   | Entered the Ecumenical Temple
  6274 | D:5      | Killed Edmund
  6448 | D:6      | Found Cuelism's Magic Scroll Shop.
  6453 | D:6      | Bought a scroll of identify for 24 gold pieces
  6453 | D:6      | Bought a scroll of noise for 12 gold pieces
  6453 | D:6      | Bought a scroll of amnesia for 48 gold pieces
  6563 | D:6      | Found a burning altar of Makhleb.
  6565 | D:6      | Noticed a blizzard demon
  6592 | D:6      | Reached skill level 5 in Fighting
  6971 | D:5      | Reached XP level 9. HP: 50/68 MP: 6/12
  7902 | D:7      | Reached **** piety under Uskayaw
  7954 | D:7      | Reached ***** piety under Uskayaw
  8113 | D:7      | Found a blossoming altar of Fedhas.
  8124 | D:7      | Noticed Joseph
  8202 | D:7      | HP: 2/69 [Joseph/+0 great sword (11)]
  8204 | D:7      | Mangled by Joseph

Illustrated notes

Levels and vault maps discovered:
D:1:      ebering_trefoil_twist, layout_basic, minmay_misc_feat_plants
D:2:      layout_loops_ring, minmay_misc_feat_doors
D:3:      layout_basic, dancing_weapons_uskayaw, mainiacjoe_overflow_big_doors,
          hellmonk_ecumenical_altar_arch_garden, serial_shops,
          nicolae_shop_just_a_little_nook, minmay_misc_feat_pillars,
          serial_bayou_pond_d, minmay_parallelograms, uniq_grinder, uniq_natasha
D:4:      layout_cave_pods
D:5:      layout_basic, tso_metal_star, gammafunk_temple_of_torment,
          minmay_temple_entry_grid, due_unseen_surprise, uniq_menkaure,
          uniq_edmund
D:6:      layout_rooms, makhleb_altar_promises_db, serial_shops,
          nicolae_shop_hallway_stairs
D:7:      layout_basic, lemuel_coloured_pillars_altar, fedhas_altar_2,
          uniq_joseph
Temple:   compressed_dpeg_circular_temple

Skill      XL: |  1  2  3  4  5  6  7  8  9 |
---------------+----------------------------+-----
Fighting       | 1 2 3 5 6 |  6.2
Short Blades   | 1 2 3 4 6 7 |  7.2
Summonings     | 5 6 7 |  7.6
Stealth        | 3 4 6 7 |  7.2
Dodging        | 4 |  4.0
Spellcasting   | |  2.0

Action                     |  1- 3 |  4- 6 |  7- 9 || total
---------------------------+-------+-------+-------++-------
  Melee: Unarmed           |    39 |       |       ||    39
         Dagger            |    70 |   107 |   360 ||   537
         Punch             |     1 |     2 |     2 ||     5
  Throw: Dart              |       |       |     1 ||     1
   Cast: Summon Small Mamm |    26 |     2 |     2 ||    30
         Call Imp          |     4 |     7 |    21 ||    32
         Call Canine Famil |       |     5 |    31 ||    36
    Use: Scroll            |       |       |     6 ||     6
   Stab: Sleeping          |     4 |     5 |     6 ||    15
         Distracted        |     3 |     1 |     4 ||     8
         Paralysed         |       |       |     4 ||     4
 Armour: Robe              |    48 |    29 |    56 ||   133
  Dodge: Dodged            |    74 |    74 |   178 ||   326
